 Dungeon Crawl Stone Soup version 0.29.1-1-gd02db6906a (webtiles) character file.

Game seed: 11144670318816573382

39 hawla the Firebug (level 3, -5/26 HPs)
             Began as a Meteoran Fire Elementalist on Oct 13, 2022.
             Killed by divine providence
             ... invoked by an orc priest
              (14 damage)
             ... on level 2 of the Dungeon.
             The game lasted 00:03:03 (634 turns).

hawla the Firebug (Meteoran Fire Elementalist)       Turns: 634, Time: 00:03:03

Health: -5/26      AC:  6    Str: 10    XL:     3   Next: 97%
Magic:  1/9        EV: 13    Int: 18    God:
Gold:   45         SH:  0    Dex: 14    Spells: 5/8 levels left

rFire   . . .      SeeInvis .   d - +0 dagger (protect)
rCold   . . .      Faith    .   (no shield)
rNeg    . . .      Spirit   .   a - +0 robe
rPois   .          Reflect  .   (no helmet)
rElec   .          Harm     .   (no cloak)
rCorr   .          Rampage  .   g - +1 pair of gloves
Will    .....                   (no boots)
Stlth   +.........              (no amulet)
HPRegen 0.08/turn               (no ring)
MPRegen 0.11/turn               (no ring)

@: lethally poisoned (-5 -> -10), glowing
A: sense surroundings 1, otherworldly, glowing, explore regen, iridescent scales
1, high MP 1
a: no special abilities


You were on level 2 of the Dungeon.
You visited 1 branch of the dungeon, and saw 2 of its levels.

You collected 45 gold pieces.

Inventory:

Hand Weapons
 d - a +0 dagger of protection (weapon)
Armour
 a - a +0 robe (worn)
 g - a +1 pair of gloves (worn)
Jewellery
 e - a ring of magical power
Potions
 b - a potion of magic
 h - a potion of haste {unknown}
 i - 2 potions of might {unknown}
 j - a potion of ambrosia {unknown}


   Skills:
 + Level 0.7 Short Blades
 + Level 3.0 Dodging
 - Level 1.4 Stealth
 + Level 3.1 Spellcasting
 + Level 1.6 Conjurations
 + Level 4.4 Fire Magic


You had 5 spell levels left.
You knew the following spells:

 Your Spells              Type           Power      Damage    Failure   Level
a - Foxfire               Conj/Fire      52%        2x1d6     4%          1
b - Scorch                Fire           36%        2d7       4%          2

Your spell library contained the following spells:

 Spells                   Type           Power      Damage    Failure   Level
 Conjure Flame            Conj/Fire      13%        6-21      14%         3
 Inner Flame              Hex/Fire       10%        N/A       19%         3
 Sublimation of Blood     Necr           2%         N/A       24%         2
 Flame Wave               Conj/Fire      13%        2d6       41%         4
 Petrify                  Tmut/Erth      2%         N/A       85%         4
 Irradiate                Conj/Tmut      2%         3d12      97%         5


Dungeon Overview and Level Annotations

Branches:
Dungeon (2/15) Zot: 566

Altars:


Innate Abilities, Weirdness & Mutations

You passively map a small area around you.
You are easily found by Zot.
You glow in the dark.
You regain HP and MP as you explore.
You are partially covered in iridescent scales. (AC +2)
You have an increased reservoir of magic. (+10% MP)


Message History

The orc is heavily wounded.
The adder bites you but does no damage. The endoplasm freezes you.
You are frozen.
The orc wizard mumbles some strange words.
The orc wizard flickers and vanishes!
Deactivating autopickup; reactivate with Ctrl-A.
The adder closely misses you. x2
You feel sick. The orc hits you but does no damage.
The endoplasm attacks as you move away!
The endoplasm hits you but does no damage.
You feel sick.
You are no longer poisoned.
The orc priest calls upon Beogh to heal the orc.
The orc's wounds heal themselves!
The adder misses you. The adder attacks as you move away!
The adder barely misses you. The adder bites you but does no damage.
Casting: Foxfire (safe; 4% risk of failure)
Confirm with . or Enter, or press ? or * to list all spells.
Flames lash the orc.
The orc is heavily wounded.
The orc's fire resistance burns away.
The adder bites you but does no damage.
Casting: Scorch (safe; 4% risk of failure)
Confirm with . or Enter, or press ? or * to list all spells.
You don't have enough magic to cast this spell.
The adder attacks as you move away! The adder misses you.
The adder bites you but does no damage.
The orc is no longer more vulnerable to fire.
The adder completely misses you. The adder barely misses you.
The adder attacks as you move away! The adder closely misses you.
The adder attacks as you move away! The adder bites you.
You are poisoned.
The adder poisons you!
Found a dagger.
You feel sick.
You feel sick.
The orc priest mumbles some strange prayers to Beogh against you.
Beogh smites you!
Ouch! That really hurt!
You die...

* ###.#. , * .)....
* ######...... , *
#................#.
#.........#.......
#.......#........,
#.......#....... ,,
#...@..........#*
####S####......#
#.# #).†S..# * #o#
#..oo..# #.#
###.#..#*
#.######.#..# *
#.o.{.ooS#.... ,
#######..#.....
#..#..?....,


You could see an orc priest, an adder and an orc.

Vanquished Creatures
  A dart slug (D:1)
  An orc (D:2)
  4 bats
  2 endoplasms (D:1)
  2 giant cockroaches
  6 goblins (D:1)
  5 hobgoblins
  2 quokkas (D:1)
  A frilled lizard (D:1)
  2 kobolds
  5 rats
31 creatures vanquished.

Vanquished Creatures (others)
  45 foxfires
45 creatures vanquished.

Grand Total: 76 creatures vanquished

Notes
Turn   | Place    | Note
-------+----------+-------------------------------------------
     0 | D:1      | hawla the Meteoran Fire Elementalist began the quest for
                  | the Orb.
     0 | D:1      | Reached XP level 1. HP: 14/14 MP: 5/5
    67 | D:1      | Reached XP level 2. HP: 12/20 MP: 3/6
    69 | D:1      | Reached skill level 4 in Fire Magic
   198 | D:1      | Reached XP level 3. HP: 26/26 MP: 5/8
   241 | D:1      | Learned a level 2 spell: Scorch
   278 | D:1      | Found a faded altar of an unknown god.
   501 | D:1      | Glimpsed the power of Zot.
   509 | D:2      | Gained mutation: You have an increased reservoir of magic.
                  | (+10% MP) [potion of mutation]
   509 | D:2      | Gained mutation: You have sharp toenails. [potion of
                  | mutation]
   509 | D:2      | Lost mutation: You have sharp toenails. [potion of
                  | mutation]
   509 | D:2      | Gained mutation: You are partially covered in iridescent
                  | scales. (AC +2) [potion of mutation]
   634 | D:2      | Killed from afar by an orc priest

Illustrated notes

Levels and vault maps discovered:
D:1:      pf_arrival_petrified_forest, layout_basic,
          dreamdust_ecumenical_altar_angels_and_demons
D:2:      layout_basic, minmay_box_of_dots

Skill      XL: |  1  2  3 |
---------------+----------+-----
Fire Magic     | 4 |  4.4
Spellcasting   | 3 |  3.1
Dodging        | 3 |  3.0
Short Blades   | |  0.7
Stealth        | |  1.4
Conjurations   | |  1.6

Action                   || total
-------------------------++-------
Melee: Dagger            ||    50
       Unarmed           ||     5
       Punch             ||     1
 Cast: Foxfire           ||    32
       Scorch            ||     3
  Use: Scroll            ||     1
       Potion            ||     1
Armor: Robe              ||    35
Dodge: Dodged            ||    48
